 Dungeon Crawl Stone Soup version 0.20.1-1-g8b1a95d (webtiles) character file.

230 Glalom the Chopper (level 5, -2/61 HPs)
             Began as a Demonspawn Berserker on Oct 29, 2017.
             Was a Priest of Trog.
             Slain by a worker ant (7 damage)
             ... on level 4 of the Dungeon.
             The game lasted 00:08:09 (3072 turns).

Glalom the Chopper (Demonspawn Berserker)           Turns: 3072, Time: 00:08:09

Health: -2/61      AC:  4    Str: 22    XL:     5   Next: 72%
Magic:  5/5        EV: 12    Int:  9    God:    Trog [***...]
Gold:   122        SH:  0    Dex: 13    Spells: 4/4 levels left

rFire    . . .     SeeInvis .   a - +0 hand axe
rCold    . . .     Gourm    .   (no shield)
rNeg     . . .     Faith    .   h - +0 leather armour
rPois    .         Spirit   .   (helmet restricted)
rElec    .         Reflect  .   (no cloak)
rCorr    .         Harm     .   (no gloves)
MR       .....                  q - +0 pair of boots
Stlth    ..........             (no amulet)
Regen    0.2/turn               (no ring)
MPRegen  0.1/turn               (no ring)

@: berserking, lethally poisoned (-2 -> -10), starving, very quick
A: horns 1, powered by pain 1
a: Berserk, Trog's Hand, Burn Spellbooks, Renounce Religion


You were on level 4 of the Dungeon.
You worshipped Trog.
Trog was most pleased with you.
You were starving.

You visited 1 branch of the dungeon, and saw 4 of its levels.

You collected 122 gold pieces.

Inventory:

Hand Weapons
 a - a +0 hand axe (weapon)
 b - a +0 blowgun
 A - a +1 quarterstaff of protection
Missiles
 z - 8 poisoned needles (quivered)
Armour
 h - a +0 leather armour (worn)
 q - a +0 pair of boots (worn)
 r - a +0 shield
 w - a +0 animal skin
Scrolls
 e - a scroll of teleportation {unknown}
 i - 4 scrolls of identify
 k - a scroll of fear {unknown}
 l - a scroll of amnesia {unknown}
 o - a scroll of recharging {unknown}
 p - 2 scrolls of remove curse {unknown}
 s - a scroll of random uselessness {unknown}
 t - a scroll of enchant armour {unknown}
 x - a scroll of immolation {unknown}
 y - a scroll of magic mapping {unknown}
Potions
 d - a potion of agility {unknown}
 f - a potion of cancellation {unknown}
 g - a potion of mutation {unknown}
 n - a potion of magic {unknown}
 u - 2 potions of heal wounds {unknown}
 v - 2 potions of ambrosia {unknown}
Comestibles
 c - a bread ration
 j - 4 meat rations
 m - 4 royal jellies


   Skills:
 - Level 3.0 Fighting
 + Level 5.1 Axes
 - Level 1.7 Armour
 - Level 1.7 Dodging
 + Level 2.5 Shields


You had 4 spell levels left.
You didn't know any spells.

Dungeon Overview and Level Annotations

Branches:
Dungeon (4/15)
 Temple: D:4-7

Altars:
Cheibriados


Innate Abilities, Weirdness & Mutations

You have a pair of small horns on your head.
You sometimes gain a little power by taking damage.


Message History

You are more poisoned.
The worker ant poisons you!
A red film seems to cover your vision as you go berserk!
You feel yourself moving faster!
You feel mighty!
You are starving!
Your skin stops crawling.
You feel less resistant to hostile enchantments.
* * * LOW HITPOINT WARNING * * *
You feel sick. The worker ant completely misses you. The worker ant bites you.
* * * LOW HITPOINT WARNING * * *
You barely miss the worker ant.
You headbutt the worker ant, but do no damage.
The worker ant is severely wounded.
* * * LOW HITPOINT WARNING * * *
You feel sick.
You barely miss the worker ant.
The worker ant is severely wounded.
* * * LOW HITPOINT WARNING * * *
You feel sick. The worker ant bites you!
You die...

##############
#######............#
#.....#............#
#.....#............#
#.....'...[........#
#.....#............#
#####+#............#
#.....@#####......#
#.....a#...#......#
#......#...#......#
#......#...#......#
#......#...#......#
##.....#...#......#
+.....'...#.(....#
#.....#.<.#......#
#.....#####......#


You could see a worker ant.

Vanquished Creatures
  The ghost of ceb the Vexing, an amateur CeAM (D:3)
  Robin (D:3)
  2 adders (D:3)
  2 oozes
  2 dart slugs
  3 leopard geckos (D:2)
  10 orcs (D:3)
  3 giant cockroaches
  17 goblins
  8 hobgoblins
  10 jackals
  6 kobolds
  A quokka (D:2)
  3 ball pythons
  6 bats
  3 frilled lizards
  6 rats
84 creatures vanquished.

Notes
Turn   | Place    | Note
-------+----------+-------------------------------------------
     0 | D:1      | Glalom the Demonspawn Berserker began the quest for the Orb.
     0 | D:1      | Reached XP level 1. HP: 18/18 MP: 1/1
   257 | D:1      | Reached skill level 3 in Axes
   414 | D:1      | Gained mutation: You sometimes gain a little power by taking damage. [demonic ancestry]
   414 | D:1      | Reached XP level 2. HP: 21/24 MP: 2/2
   880 | D:1      | Found a snail-covered altar of Cheibriados.
  1328 | D:2      | Gained mutation: You have a pair of small horns on your head. [demonic ancestry]
  1328 | D:2      | Reached XP level 3. HP: 26/29 MP: 3/3
  1458 | D:2      | Reached ** piety under Trog
  1464 | D:2      | Reached skill level 4 in Axes
  1933 | D:3      | Noticed ceb's ghost (amateur CeAM)
  1941 | D:3      | Killed ceb's ghost
  1941 | D:3      | Reached XP level 4. HP: 35/35 MP: 4/4
  1974 | D:3      | Reached XP level 5. HP: 41/41 MP: 5/5
  2085 | D:3      | Noticed Robin
  2100 | D:3      | Killed Robin
  2231 | D:3      | Reached skill level 5 in Axes
  2256 | D:3      | Identified the Volume of Toxins and Summoning
  2851 | D:3      | Reached *** piety under Trog
  3048 | D:4      | HP: 2/41 [worker ant (5)]
  3072 | D:4      | Slain by a worker ant

Skill      XL: |  1  2  3  4  5 |
---------------+----------------+-----
Axes           | 3 4 5 |  5.1
Shields        | 2 |  2.5
Fighting       | |  3.0
Armour         | |  1.7
Dodging        | |  1.7

Action                   |  1- 3 |  4- 6 || total
-------------------------+-------+-------++-------
Melee: Hand axe          |   113 |   130 ||   243
       Headbutt          |     7 |    14 ||    21
Invok: Berserk           |     1 |     2 ||     3
       Burn Spellbooks   |       |     1 ||     1
       Trog's Hand       |       |     1 ||     1
  Use: Scroll            |       |     1 ||     1
  Eat: Chunk             |     3 |     5 ||     8
Armor: Animal skin       |     3 |       ||     3
       Leather armour    |    24 |    25 ||    49
Dodge: Dodged            |    65 |    79 ||   144
Block: Shield            |     7 |     7 ||    14
